SA
CONNETQUOT CHIEFS @ PHOENIX HOTSPUR U-21
08/09/2024
 
TOP OF THE 1ST
Connetquot Chiefs batting - Pitching for Phoenix Hotspur U-21 : RHP Alexander Weareorwear
Pitching: RHP Alexander Weareorwear
Batting: RHB David Pérez 0-0: Ball
1-0: Ball
2-0: Ball
3-0: Called Strike
3-1: Base on Balls
Batting: LHB SaQwan Hackett 0-0: Ball
1-0: Ball
2-0: Grounds into double play, 1-6-3 (Groundball, 13S)
Batting: RHB José Magana 0-0: Foul Ball, location: 2F
0-1: Ground out 6-3 (Groundball, 6)
Top of the 1st over - 0 run(s), 0 hit(s), 0 error(s), 0 left on base; Connetquot 0 - Phoenix 0
BOTTOM OF THE 1ST
Phoenix Hotspur U-21 batting - Pitching for Connetquot Chiefs : LHP Jim Unknown
Pitching: LHP Jim Unknown
Batting: LHB Roberto Fierro 0-0: Foul Ball, location: 2F
0-1: Ground out 1-3 (Groundball, 13S)
Batting: RHB Carl Tucker 0-0: Hit by Pitch
Batting: RHB Solomon Norment 0-0: Swinging Strike
0-1: Ball
1-1: Ball
2-1: SINGLE (Flyball, 89S)
Carl Tucker to second
Runner from 2nd tries for 3rd, SAFE, throw made to third
Batting: RHB Manuel Guillama 0-0: Fly out, F9 (Flyball, 89D)
Runner from 3rd tags up, SCORES, no throw
Batting: RHB Pepe Reyes 0-0: Called Strike
0-1: Swinging Strike
0-2: Ball
1-2: Strikes out swinging
Bottom of the 1st over - 1 run(s), 1 hit(s), 0 error(s), 1 left on base; Connetquot 0 - Phoenix 1
TOP OF THE 2ND
Connetquot Chiefs batting - Pitching for Phoenix Hotspur U-21 : RHP Alexander Weareorwear
Batting: RHB Andrés Gonzáles 0-0: Ball
1-0: Called Strike
1-1: Swinging Strike
1-2: Ground out 6-3 (Groundball, 6)
Batting: RHB Emanuel Bree 0-0: Called Strike
0-1: Ground out 5-3 (Groundball, 5)
Batting: SHB Josh Sanders 0-0: Fly out, F8 (Flyball, 8LM)
Top of the 2nd over - 0 run(s), 0 hit(s), 0 error(s), 0 left on base; Connetquot 0 - Phoenix 1
BOTTOM OF THE 2ND
Phoenix Hotspur U-21 batting - Pitching for Connetquot Chiefs : LHP Jim Unknown
Batting: RHB Bernardo Rivera 0-0: Ball
1-0: SINGLE (Groundball, 6MD)
Batting: RHB Germán Alfaro 0-0: Ball
1-0: DOUBLE (Line Drive, 89D)
Bernardo Rivera to third
Runner from 3rd tries for Home, SAFE, throw made home
Batting: RHB Rubén Andrada 0-0: Ball
1-0: Called Strike
1-1: Reached on error, E6 (Groundball, 6)
Germán Alfaro scores
Batting: RHB Juan Rivera 0-0: Ball
1-0: Foul Ball, location: 2F
1-1: Ball
2-1: Ball
3-1: Foul Ball, location: 2F
3-2: Foul Ball, location: 2F
3-2: Fly out, F7 (Flyball, 78M)
Batting: LHB Roberto Fierro 0-0: Ball
1-0: Ball
2-0: Called Strike
2-1: Ball
3-1: SINGLE (Line Drive, 4MD)
Rubén Andrada to third
Runner from 3rd tries for Home, SAFE, throw made home
Roberto Fierro to second
Batting: RHB Carl Tucker 0-0: Ball
1-0: Swinging Strike
1-1: Foul Ball, location: 2F
1-2: Foul Ball, location: 2F
1-2: Fly out, F9 (Flyball, 9M)
Batting: RHB Solomon Norment 0-0: Foul Ball, location: 2F
0-1: Ground out U3 (Groundball, 3)
Bottom of the 2nd over - 3 run(s), 3 hit(s), 1 error(s), 1 left on base; Connetquot 0 - Phoenix 4
TOP OF THE 3RD
Connetquot Chiefs batting - Pitching for Phoenix Hotspur U-21 : RHP Alexander Weareorwear
Batting: RHB Pablo Ledesma 0-0: Called Strike
0-1: Swinging Strike
0-2: Foul Ball, location: 2F
0-2: Strikes out looking
Batting: RHB Jesús Quintana 0-0: Ball
1-0: Foul Ball, location: 2F
1-1: Foul Ball, location: 2F
1-2: Ground out 2-3 (Groundball, 2R)
Batting: RHB Sang Hong-Do 0-0: SINGLE (Flyball, 7S)
Batting: RHB David Pérez 0-0: TRIPLE (Groundball, 3L)
Sang Hong-Do scores
Batting: LHB SaQwan Hackett 0-0: SINGLE (Flyball, 7S)
David Pérez scores
Batting: RHB José Magana 0-0: Ball
1-0: Fly out, F7 (Flyball, 7M)
Top of the 3rd over - 2 run(s), 3 hit(s), 0 error(s), 1 left on base; Connetquot 2 - Phoenix 4
BOTTOM OF THE 3RD
Phoenix Hotspur U-21 batting - Pitching for Connetquot Chiefs : LHP Jim Unknown
Batting: RHB Manuel Guillama 0-0: Called Strike
0-1: Foul Ball, location: 2F
0-2: Foul Ball, location: 2F
0-2: Ball
1-2: Ball
2-2: Foul Ball, location: 2F
2-2: Ground out 4-3 (Groundball, 34)
Batting: RHB Pepe Reyes 0-0: Hit by Pitch
Batting: RHB Bernardo Rivera 0-0: Ball
1-0: Grounds into double play, 6-4-3 (Groundball, 6M)
Bottom of the 3rd over - 0 run(s), 0 hit(s), 0 error(s), 0 left on base; Connetquot 2 - Phoenix 4
TOP OF THE 4TH
Connetquot Chiefs batting - Pitching for Phoenix Hotspur U-21 : RHP Alexander Weareorwear
Batting: RHB Andrés Gonzáles 0-0: Ball
1-0: Called Strike
1-1: Ball
2-1: Foul Ball, location: 2F
2-2: Ball
3-2: Strikes out looking
Batting: RHB Emanuel Bree 0-0: Called Strike
0-1: Ball
1-1: Foul Ball, location: 2F
1-2: Foul Ball, location: 2F
1-2: Ball
2-2: SINGLE (Groundball, 56D)
Batting: SHB Josh Sanders 0-0: Ball
1-0: Called Strike
1-1: Swinging Strike
1-2: Strikes out swinging
Batting: RHB Pablo Ledesma 0-0: Ball
1-0: Ball
2-0: Foul Ball, location: 2F
2-1: Swinging Strike
2-2: Ground out 5-3 (Groundball, 5S)
Top of the 4th over - 0 run(s), 1 hit(s), 0 error(s), 1 left on base; Connetquot 2 - Phoenix 4
BOTTOM OF THE 4TH
Phoenix Hotspur U-21 batting - Pitching for Connetquot Chiefs : LHP Jim Unknown
Batting: RHB Germán Alfaro 0-0: Swinging Strike
0-1: Ball
1-1: Ball
2-1: Ball
3-1: Swinging Strike
3-2: DOUBLE (Line Drive, 7LS)
Batting: RHB Rubén Andrada 0-0: Ball
1-0: Called Strike
1-1: Ball
2-1: Foul Ball, location: 2F
2-2: Ground out 6-3 (Groundball, 6M)
Germán Alfaro to third
Batting: RHB Juan Rivera 0-0: Called Strike
0-1: Fly out, F1 (Popup, 25)
Batting: LHB Roberto Fierro 0-0: Called Strike
0-1: Foul Ball, location: 2F
0-2: Ball
1-2: Ball
2-2: Foul Ball, location: 2F
2-2: Foul Ball, location: 2F
2-2: SINGLE (Groundball, 6MD)
Germán Alfaro scores
Batting: RHB Carl Tucker 0-0: Called Strike
0-1: Ball
1-1: Ball
2-1: Ball
3-1: Called Strike
3-2: Fly out, F3 (Popup, 23F)
Bottom of the 4th over - 1 run(s), 2 hit(s), 0 error(s), 1 left on base; Connetquot 2 - Phoenix 5
TOP OF THE 5TH
Connetquot Chiefs batting - Pitching for Phoenix Hotspur U-21 : RHP Alexander Weareorwear
Batting: RHB Jesús Quintana 0-0: TRIPLE (Line Drive, 9LS)
Batting: RHB Sang Hong-Do 0-0: Ball
1-0: Foul Ball, location: 2F
1-1: Foul Ball, location: 2F
1-2: SINGLE (Line Drive, 8RS)
Jesús Quintana scores
Batting: RHB David Pérez 0-0: Ground out 2-3 (Groundball, 25)
Sang Hong-Do to second
Batting: LHB SaQwan Hackett 0-0: Called Strike
0-1: DOUBLE (Line Drive, 7LM)
Sang Hong-Do scores
Batting: RHB José Magana 0-0: Fly out, F6 (Popup, 15)
Batting: RHB Andrés Gonzáles 0-0: Called Strike
0-1: Called Strike
0-2: Foul Ball, location: 2F
0-2: Strikes out swinging
Top of the 5th over - 2 run(s), 3 hit(s), 0 error(s), 1 left on base; Connetquot 4 - Phoenix 5
BOTTOM OF THE 5TH
Phoenix Hotspur U-21 batting - Pitching for Connetquot Chiefs : LHP Jim Unknown
Batting: RHB Solomon Norment 0-0: Called Strike
0-1: Ball
1-1: Fly out, F4 (Popup, 4D)
Batting: RHB Manuel Guillama 0-0: Ground out 2-3 (Groundball, 23)
Batting: RHB Pepe Reyes 0-0: SINGLE (Popup, 6MD)
Batting: RHB Bernardo Rivera 0-0: Ball
1-0: Fielders Choice at 2nd, U6 (Groundball, 6M)
Bottom of the 5th over - 0 run(s), 1 hit(s), 0 error(s), 1 left on base; Connetquot 4 - Phoenix 5
TOP OF THE 6TH
Connetquot Chiefs batting - Pitching for Phoenix Hotspur U-21 : RHP Alexander Weareorwear
Batting: RHB Emanuel Bree 0-0: Foul Ball, location: 2F
0-1: Ball
1-1: Called Strike
1-2: Ball
2-2: Fly out, F8 (Flyball, 8RS)
Batting: SHB Josh Sanders 0-0: Called Strike
0-1: SINGLE (Line Drive, 8LS)
Batting: RHB Pablo Ledesma 0-0: Ball
Josh Sanders is caught stealing 2nd base
1-0: SINGLE (Line Drive, 89S)
Batting: RHB Jesús Quintana 0-0: Ball
1-0: Called Strike
1-1: Ball
2-1: Called Strike
2-2: Foul Ball, location: 2F
2-2: Foul Ball, location: 2F
2-2: Ball
3-2: Foul Ball, location: 2F
3-2: Foul Ball, location: 2F
3-2: Foul Ball, location: 2F
3-2: Base on Balls
Pablo Ledesma to second
Batting: RHB Sang Hong-Do 0-0: SINGLE (Groundball, 6D)
Pablo Ledesma to third
Jesús Quintana to second
Runner from 3rd tries for Home, SAFE, no throw or cutoff
Batting: RHB David Pérez 0-0: Ball
1-0: Ball
2-0: Foul Ball, location: 2F
2-1: Ground out 4-3 (Groundball, 34)
Top of the 6th over - 1 run(s), 3 hit(s), 0 error(s), 2 left on base; Connetquot 5 - Phoenix 5
BOTTOM OF THE 6TH
Phoenix Hotspur U-21 batting - Pitching for Connetquot Chiefs : LHP Jim Unknown
Batting: RHB Germán Alfaro 0-0: Called Strike
0-1: Ball
1-1: Called Strike
1-2: SINGLE (Line Drive, 4D)
Batting: RHB Rubén Andrada 0-0: Ball
1-0: Bunt missed!
1-1: Sac Bunt - play at first, batter OUT! 1-4
Germán Alfaro to second
Batting: RHB Juan Rivera 0-0: Ball
1-0: Called Strike
1-1: Foul Ball, location: 2F
1-2: SINGLE (Groundball, 4M)
Germán Alfaro to third
Batting: LHB Roberto Fierro 0-0: Foul Ball, location: 2F
0-1: Foul Ball, location: 2F
0-2: Foul Ball, location: 2F
0-2: Hit by Pitch
Juan Rivera to second
Batting: RHB Carl Tucker 0-0: Called Strike
0-1: Swinging Strike
0-2: Fly out, F7 (Line Drive, 78S)
Runner from 3rd tags up, SCORES, throw made
Pitching: RHP Min-gook Chong
Batting: RHB Solomon Norment 0-0: Ball
1-0: Swinging Strike
Passed Ball!
Juan Rivera to third
Roberto Fierro to second
1-1: Ball
2-1: Foul Ball, location: 2F
2-2: Fly out, F6 (Popup, 6)
Bottom of the 6th over - 1 run(s), 2 hit(s), 0 error(s), 2 left on base; Connetquot 5 - Phoenix 6
TOP OF THE 7TH
Connetquot Chiefs batting - Pitching for Phoenix Hotspur U-21 : RHP Alexander Weareorwear
Batting: LHB SaQwan Hackett 0-0: Swinging Strike
0-1: Ball
1-1: Foul Ball, location: 2F
1-2: Foul Ball, location: 2F
1-2: Ball
2-2: Ball
3-2: Foul Ball, location: 2F
3-2: Base on Balls
Batting: RHB José Magana 0-0: Ball
1-0: Called Strike
1-1: Foul Ball, location: 2F
1-2: Foul Ball, location: 2F
1-2: Ball
2-2: Foul Ball, location: 2F
2-2: Fly out, F9 (Flyball, 9LM)
Pinch Hitting: SHB Britt Ducker 0-0: Ball
1-0: Foul Ball, location: 2F
Pickoff Throw to First - Out!
1-1: Ball
2-1: Ball
3-1: Base on Balls
Pinch Hitting: RHB Geoffrey Broekhuizen 0-0: Foul Ball, location: 2F
0-1: Ball
1-1: Foul Ball, location: 2F
1-2: Foul Ball, location: 2F
1-2: Ground out 3-1 (Groundball, 34S)
Top of the 7th over - 0 run(s), 0 hit(s), 0 error(s), 1 left on base; Connetquot 5 - Phoenix 6
BOTTOM OF THE 7TH
Phoenix Hotspur U-21 batting - Pitching for Connetquot Chiefs : RHP Min-gook Chong
Now at 3B: Félix Fernández
Now in LF: Britt Ducker
Batting: RHB Manuel Guillama 0-0: Ball
1-0: Ball
2-0: Ball
3-0: Foul Ball, location: 2F
3-1: Foul Ball, location: 2F
3-2: SINGLE (Groundball, 15S) (infield hit)
Pinch Hitting: LHB Luis Díaz 0-0: Ball
1-0: Foul Ball, location: 2F
1-1: Called Strike
1-2: Ball
Wild Pitch!
Manuel Guillama to second
2-2: Strikes out swinging
Pinch Hitting: RHB Jim Unknown 0-0: Intentional Walk
Batting: RHB Germán Alfaro 0-0: Ball
1-0: Ball
2-0: Swinging Strike
2-1: Ball
3-1: Foul Ball, location: 2F
3-2: SINGLE (Groundball, 34)
Manuel Guillama to third
Jim Unknown to second
Batting: RHB Rubén Andrada 0-0: Ball
1-0: Called Strike
1-1: Swinging Strike
1-2: Foul Ball, location: 2F
1-2: Ball
2-2: Strikes out looking
Pinch Hitting: RHB Eric Conway 0-0: Foul Ball, location: 2F
0-1: Called Strike
0-2: Ball
1-2: Ball
2-2: Ball
3-2: Fly out, F9 (Line Drive, 9M)
Bottom of the 7th over - 0 run(s), 2 hit(s), 0 error(s), 3 left on base; Connetquot 5 - Phoenix 6
TOP OF THE 8TH
Connetquot Chiefs batting - Pitching for Phoenix Hotspur U-21 : RHP Alexander Weareorwear
Now at 1B: Jim Unknown
Now at SS: Luis Díaz
Batting: SHB Josh Sanders 0-0: Ball
Now in LF: Eric Conway 1-0: Ground out 3-1 (Groundball, 34)
Batting: RHB Pablo Ledesma 0-0: Ball
1-0: Called Strike
1-1: Swinging Strike
1-2: Ball
2-2: SINGLE (Groundball, 4M)
Pitching: RHP Dennis Dunn
Pinch Hitting: RHB Jim Unknown 0-0: Fly out, F9 (Flyball, 9LM)
Batting: RHB Sang Hong-Do 0-0: Fielders Choice at 2nd, U6 (Groundball, 6M)
Top of the 8th over - 0 run(s), 1 hit(s), 0 error(s), 1 left on base; Connetquot 5 - Phoenix 6
BOTTOM OF THE 8TH
Phoenix Hotspur U-21 batting - Pitching for Connetquot Chiefs : RHP Min-gook Chong
Now at 2B: Jim Unknown
Batting: LHB Roberto Fierro 0-0: Ground out 4-3 (Groundball, 4M)
Batting: RHB Carl Tucker 0-0: Ball
1-0: Ball
2-0: Ball
3-0: Called Strike
3-1: Base on Balls
Pinch Hitting: SHB José Randín 0-0: Ball
1-0: Ball
2-0: Ball
3-0: Base on Balls
Carl Tucker to second
Batting: RHB Manuel Guillama 0-0: Ball
1-0: Called Strike
1-1: Swinging Strike
1-2: Ball
2-2: Strikes out swinging
Batting: LHB Luis Díaz 0-0: Ball
1-0: Ball
2-0: Foul Ball, location: 2F
2-1: Swinging Strike
2-2: Strikes out swinging
Bottom of the 8th over - 0 run(s), 0 hit(s), 0 error(s), 2 left on base; Connetquot 5 - Phoenix 6
TOP OF THE 9TH
Connetquot Chiefs batting - Pitching for Phoenix Hotspur U-21 : RHP Dennis Dunn
Pitching: RHP Orlando Uribe
Now at 2B: Juan Román
Batting: RHB David Pérez 0-0: Swinging Strike
0-1: Called Strike
0-2: Foul Ball, location: 2F
0-2: Strikes out swinging
Batting: LHB SaQwan Hackett 0-0: Called Strike
0-1: Called Strike
0-2: Ball
1-2: Strikes out swinging
Batting: RHB José Magana 0-0: Called Strike
0-1: Swinging Strike
0-2: Foul Ball, location: 2F
0-2: Foul Ball, location: 2F
0-2: Ball
1-2: Strikes out swinging
Top of the 9th over - 0 run(s), 0 hit(s), 0 error(s), 0 left on base; Connetquot 5 - Phoenix 6
This league is powered by Out of the Park Baseball, the baseball management simulation game for PC, Mac and Linux
Monday, October 3rd, 2016 - OOTP Baseball 16.9 Build 39